TOP OF THE 1ST |
Kalamazoo Royale with Cheese batting - Pitching for El Dorado Oilers : RHP Mark Anderson
|
Pitching: RHP Mark Anderson
|
|
Batting: LHB Tom Blake
|
0-0: Foul Ball, location: 2F 0-1: Foul Ball, location: 2F 0-2: Ball 1-2: Foul Ball, location: 2F 1-2: Ball 2-2: Strikes out swinging
|
Batting: LHB Doyle Otterburn
|
0-0: Swinging Strike 0-1: Swinging Strike 0-2: Ball 1-2: Strikes out swinging
|
Batting: RHB Andy Aiton
|
0-0: Ball 1-0: Ball 2-0: Ball 3-0: Base on Balls
|
Batting: LHB Donovan Bird
|
0-0: Swinging Strike 0-1: Ball 1-1: Fly out, F8 (Line Drive, 8RM)
|
Top of the 1st over - 0 run(s), 0 hit(s), 0 error(s), 1 left on base; Kalamazoo 0 - El Dorado 0 |
BOTTOM OF THE 1ST |
El Dorado Oilers batting - Pitching for Kalamazoo Royale with Cheese : LHP Lorenzo Sánchez
|
Pitching: LHP Lorenzo Sánchez
|
|
Batting: RHB Nick Webb
|
0-0: Ball 1-0: Ball 2-0: Ball 3-0: Called Strike 3-1: Called Strike 3-2: SINGLE (Groundball, 56D)
|
Batting: LHB Ashley Pickhills
|
0-0: Ball 1-0: Ground out 3-1 (Groundball, 34S) Nick Webb to second
|
Batting: RHB Valentín Borges
|
0-0: Called Strike Nick Webb steals 3rd base 0-1: Swinging Strike 0-2: Foul Ball, location: 2F 0-2: Ball 1-2: Ground out 5-3 (Groundball, 5L)
|
Batting: LHB Al Gaines
|
0-0: Ball 1-0: Ball 2-0: Swinging Strike 2-1: Ball 3-1: Called Strike 3-2: Strikes out swinging
|
Bottom of the 1st over - 0 run(s), 1 hit(s), 0 error(s), 1 left on base; Kalamazoo 0 - El Dorado 0 |
TOP OF THE 2ND |
Kalamazoo Royale with Cheese batting - Pitching for El Dorado Oilers : RHP Mark Anderson
|
Batting: LHB Roberto Sandoval
|
0-0: Ball 1-0: Ball 2-0: SINGLE (Flyball, 7LS)
|
Batting: LHB Greg Schultz
|
0-0: Called Strike 0-1: Fly out, F4 (Line Drive, 4)
|
Batting: LHB Bill McJannett
|
0-0: Ball 1-0: Ball 2-0: Foul Ball, location: 2F 2-1: Called Strike 2-2: Fly out, F7 (Flyball, 7S)
|
Batting: RHB Rafael González
|
0-0: Called Strike 0-1: Ball 1-1: Foul Ball, location: 2F 1-2: Strikes out swinging
|
Top of the 2nd over - 0 run(s), 1 hit(s), 0 error(s), 1 left on base; Kalamazoo 0 - El Dorado 0 |
BOTTOM OF THE 2ND |
El Dorado Oilers batting - Pitching for Kalamazoo Royale with Cheese : LHP Lorenzo Sánchez
|
Batting: RHB Sixto Vélez
|
0-0: Foul Ball, location: 2F 0-1: Ball 1-1: Called Strike 1-2: Fly out, F9 (Flyball, 9S)
|
Batting: LHB José Hernández
|
0-0: Ball 1-0: Ball 2-0: Foul Ball, location: 2F 2-1: Fly out, F8 (Line Drive, 8RD)
|
Batting: RHB Chris Parker
|
0-0: Ball 1-0: Ball 2-0: Swinging Strike 2-1: Ground out 6-3 (Groundball, 6)
|
Bottom of the 2nd over - 0 run(s), 0 hit(s), 0 error(s), 0 left on base; Kalamazoo 0 - El Dorado 0 |
TOP OF THE 3RD |
Kalamazoo Royale with Cheese batting - Pitching for El Dorado Oilers : RHP Mark Anderson
|
Batting: SHB Caden Keith
|
0-0: Ball 1-0: Ball 2-0: DOUBLE (Line Drive, 7D)
|
Batting: LHB Tom Blake
|
0-0: Ball 1-0: Foul Ball, location: 2F 1-1: Ball 2-1: Ground out U3 (Groundball, 3) Caden Keith to third
|
Batting: LHB Doyle Otterburn
|
0-0: Ball 1-0: Ball 2-0: Foul Ball, location: 2F 2-1: Ball 3-1: Base on Balls
|
Batting: RHB Andy Aiton
|
0-0: Called Strike 0-1: Ball 1-1: Ball 2-1: SINGLE (Groundball, 34D) Caden Keith scores Doyle Otterburn to second Runner from 2nd tries for 3rd, SAFE, throw made to third
|
Pinch Runner at 3rd Miguel Encarnación:
|
|
Batting: LHB Donovan Bird
|
0-0: Fly out, F8 (Line Drive, 8RD) Runner from 3rd tags up, SCORES, no throw
|
Batting: LHB Roberto Sandoval
|
0-0: SINGLE (Line Drive, 8RS) Andy Aiton to second
|
Batting: LHB Greg Schultz
|
0-0: Ball 1-0: Swinging Strike 1-1: Swinging Strike 1-2: Foul Ball, location: 2F 1-2: Strikes out swinging
|
Top of the 3rd over - 2 run(s), 3 hit(s), 0 error(s), 2 left on base; Kalamazoo 2 - El Dorado 0 |
BOTTOM OF THE 3RD |
El Dorado Oilers batting - Pitching for Kalamazoo Royale with Cheese : LHP Lorenzo Sánchez
|
Now at 1B: Miguel Encarnación
|
|
Batting: SHB Anastasio Ortíz
|
0-0: Foul Ball, location: 2F 0-1: Ball 1-1: Ground out 4-3 (Groundball, 4)
|
Batting: RHB José Carlos Caraballo
|
0-0: Called Strike 0-1: Ball 1-1: Called Strike 1-2: Foul Ball, location: 2F 1-2: Fly out, F8 (Flyball, 8RS)
|
Batting: RHB Nick Webb
|
0-0: Ball 1-0: Foul Ball, location: 2F 1-1: Foul Ball, location: 2F 1-2: Foul Ball, location: 2F 1-2: Fly out, F9 (Flyball, 9S)
|
Bottom of the 3rd over - 0 run(s), 0 hit(s), 0 error(s), 0 left on base; Kalamazoo 2 - El Dorado 0 |
TOP OF THE 4TH |
Kalamazoo Royale with Cheese batting - Pitching for El Dorado Oilers : RHP Mark Anderson
|
Batting: LHB Bill McJannett
|
0-0: Called Strike 0-1: Ball 1-1: Foul Ball, location: 2F 1-2: Foul Ball, location: 2F 1-2: Strikes out swinging
|
Batting: RHB Rafael González
|
0-0: Called Strike 0-1: Ball 1-1: Called Strike 1-2: Foul Ball, location: 2F 1-2: Fly out, F5 (Line Drive, 56)
|
Batting: SHB Caden Keith
|
0-0: Ball 1-0: SINGLE (Flyball, 7S)
|
Batting: LHB Tom Blake
|
0-0: Ball Caden Keith is caught stealing 2nd base
|
Top of the 4th over - 0 run(s), 1 hit(s), 0 error(s), 0 left on base; Kalamazoo 2 - El Dorado 0 |
BOTTOM OF THE 4TH |
El Dorado Oilers batting - Pitching for Kalamazoo Royale with Cheese : LHP Lorenzo Sánchez
|
Batting: LHB Ashley Pickhills
|
0-0: Ball 1-0: Called Strike 1-1: Called Strike 1-2: Ball 2-2: Foul Ball, location: 2F 2-2: SINGLE (Groundball, 2L) (infield hit)
|
Batting: RHB Valentín Borges
|
0-0: Called Strike 0-1: Ball 1-1: Called Strike 1-2: Grounds into double play, 6-4-3 (Groundball, 6)
|
Batting: LHB Al Gaines
|
0-0: Foul Ball, location: 2F 0-1: Ball 1-1: Foul Ball, location: 2F 1-2: SINGLE (Groundball, 4MD)
|
Batting: RHB Sixto Vélez
|
0-0: Ball 1-0: Called Strike 1-1: Ball 2-1: Foul Ball, location: 2F 2-2: Fly out, F7 (Flyball, 78S)
|
Bottom of the 4th over - 0 run(s), 2 hit(s), 0 error(s), 1 left on base; Kalamazoo 2 - El Dorado 0 |
TOP OF THE 5TH |
Kalamazoo Royale with Cheese batting - Pitching for El Dorado Oilers : RHP Mark Anderson
|
Batting: LHB Tom Blake
|
0-0: Ball 1-0: Fly out, F8 (Flyball, 8LS)
|
Batting: RHB Miguel Encarnación
|
0-0: Called Strike 0-1: Ball 1-1: Foul Ball, location: 2F 1-2: Fly out, F8 (Flyball, 8LD)
|
Batting: RHB Andy Aiton
|
0-0: Called Strike 0-1: Ball 1-1: Called Strike 1-2: Strikes out swinging
|
Top of the 5th over - 0 run(s), 0 hit(s), 0 error(s), 0 left on base; Kalamazoo 2 - El Dorado 0 |
BOTTOM OF THE 5TH |
El Dorado Oilers batting - Pitching for Kalamazoo Royale with Cheese : LHP Lorenzo Sánchez
|
Batting: LHB José Hernández
|
0-0: Foul Ball, location: 2F 0-1: Fly out, F8 (Line Drive, 8RM)
|
Batting: RHB Chris Parker
|
0-0: Ball 1-0: Swinging Strike 1-1: Ground out 5-3 (Groundball, 56)
|
Batting: SHB Anastasio Ortíz
|
0-0: Called Strike 0-1: Swinging Strike 0-2: Ball 1-2: Ball 2-2: Ground out U3 (Groundball, 34S)
|
Bottom of the 5th over - 0 run(s), 0 hit(s), 0 error(s), 0 left on base; Kalamazoo 2 - El Dorado 0 |
TOP OF THE 6TH |
Kalamazoo Royale with Cheese batting - Pitching for El Dorado Oilers : RHP Mark Anderson
|
Batting: LHB Donovan Bird
|
0-0: Ball 1-0: Called Strike 1-1: Ball 2-1: Ball 3-1: Called Strike 3-2: SINGLE (Line Drive, 9S)
|
Batting: LHB Roberto Sandoval
|
0-0: Ball 1-0: Called Strike 1-1: SINGLE (Groundball, 4D) Donovan Bird to second Runner from 2nd tries for 3rd, SAFE, throw made to third
|
Batting: LHB Greg Schultz
|
0-0: Called Strike 0-1: Foul Ball, location: 2F 0-2: Ball 1-2: SINGLE (Groundball, 6M) Donovan Bird scores Roberto Sandoval to second
|
Pitching: RHP César López
|
|
Batting: LHB Bill McJannett
|
0-0: Ball 1-0: Single, Error in OF, E7, batter to second base Roberto Sandoval scores Greg Schultz to third
|
Batting: RHB Rafael González
|
0-0: Ground out 5-3 (Groundball, 56) Greg Schultz scores
|
Batting: SHB Caden Keith
|
0-0: Ball 1-0: Ball 2-0: Called Strike 2-1: Called Strike 2-2: Foul Ball, location: 2F 2-2: Strikes out swinging
|
Batting: LHB Tom Blake
|
0-0: Ball 1-0: Ball 2-0: Ball 3-0: Base on Balls
|
Batting: RHB Miguel Encarnación
|
0-0: Ball 1-0: Ball 2-0: Foul Ball, location: 2F 2-1: Ball 3-1: Foul Ball, location: 2F 3-2: Fly out, F9 (Flyball, 9D)
|
Top of the 6th over - 3 run(s), 4 hit(s), 1 error(s), 2 left on base; Kalamazoo 5 - El Dorado 0 |
BOTTOM OF THE 6TH |
El Dorado Oilers batting - Pitching for Kalamazoo Royale with Cheese : LHP Lorenzo Sánchez
|
Batting: RHB José Carlos Caraballo
|
0-0: Swinging Strike 0-1: Ball 1-1: Ball 2-1: Ground out 3-1 (Groundball, 34)
|
Batting: RHB Nick Webb
|
0-0: Called Strike 0-1: Fly out, F3 (Line Drive, 3S)
|
Batting: LHB Ashley Pickhills
|
0-0: Swinging Strike 0-1: Ball 1-1: Ball 2-1: Ground out 1-3 (Groundball, 13S)
|
Bottom of the 6th over - 0 run(s), 0 hit(s), 0 error(s), 0 left on base; Kalamazoo 5 - El Dorado 0 |
TOP OF THE 7TH |
Kalamazoo Royale with Cheese batting - Pitching for El Dorado Oilers : RHP César López
|
Batting: RHB Andy Aiton
|
0-0: Called Strike 0-1: Ball 1-1: Ball 2-1: Foul Ball, location: 2F 2-2: Ball 3-2: Base on Balls
|
Batting: LHB Donovan Bird
|
0-0: Called Strike 0-1: Called Strike 0-2: Ball 1-2: Foul Ball, location: 2F 1-2: Ball 2-2: Ball 3-2: Base on Balls Andy Aiton to second
|
Batting: LHB Roberto Sandoval
|
0-0: Called Strike 0-1: Ball 1-1: Ball 2-1: SINGLE (Groundball, 5D) Andy Aiton to third Donovan Bird to second
|
Batting: LHB Greg Schultz
|
0-0: Swinging Strike 0-1: Ball 1-1: Foul Ball, location: 2F 1-2: Ball 2-2: Foul Ball, location: 2F 2-2: Single, Error in OF, E7, batter to second base Andy Aiton scores Donovan Bird scores Roberto Sandoval to third
|
Batting: LHB Bill McJannett
|
0-0: Called Strike 0-1: Ball 1-1: Ball 2-1: Foul Ball, location: 2F 2-2: Strikes out looking
|
Batting: RHB Rafael González
|
0-0: Called Strike 0-1: Called Strike 0-2: Ball 1-2: Ground out 3-1 (Groundball, 34) Roberto Sandoval scores Greg Schultz to third
|
Pitching: RHP Pete Cook
|
|
Batting: SHB Caden Keith
|
0-0: Called Strike 0-1: Foul Ball, location: 2F 0-2: Ball 1-2: Ball 2-2: Foul Ball, location: 2F 2-2: Ball 3-2: Base on Balls
|
Batting: LHB Tom Blake
|
0-0: Called Strike 0-1: Ball 1-1: Called Strike 1-2: Strikes out looking
|
Top of the 7th over - 3 run(s), 2 hit(s), 1 error(s), 2 left on base; Kalamazoo 8 - El Dorado 0 |
BOTTOM OF THE 7TH |
El Dorado Oilers batting - Pitching for Kalamazoo Royale with Cheese : LHP Lorenzo Sánchez
|
Batting: RHB Valentín Borges
|
0-0: Ball 1-0: Swinging Strike 1-1: Ball 2-1: Swinging Strike 2-2: Fly out, F9 (Flyball, 9LSF)
|
Batting: LHB Al Gaines
|
0-0: Called Strike 0-1: SINGLE (Groundball, 34D)
|
Pitching: LHP Terry Klassen
|
|
Batting: RHB Sixto Vélez
|
0-0: Swinging Strike 0-1: Ball 1-1: Foul Ball, location: 2F 1-2: Foul Ball, location: 2F 1-2: Fielders Choice at 2nd, 5-4 (Groundball, 56)
|
Batting: LHB José Hernández
|
0-0: Foul Ball, location: 2F 0-1: Ball 1-1: Called Strike 1-2: 2-RUN HOME RUN (Flyball, 9LD), Distance : 367 ft
|
Batting: RHB Chris Parker
|
0-0: Ball 1-0: SINGLE (Groundball, 56D)
|
Batting: SHB Anastasio Ortíz
|
0-0: Ball 1-0: Fielders Choice at 2nd, 4-6 (Groundball, 4)
|
Bottom of the 7th over - 2 run(s), 3 hit(s), 0 error(s), 0 left on base; Kalamazoo 8 - El Dorado 2 |
TOP OF THE 8TH |
Kalamazoo Royale with Cheese batting - Pitching for El Dorado Oilers : RHP Pete Cook
|
Batting: RHB Miguel Encarnación
|
0-0: Called Strike 0-1: Foul Ball, location: 2F 0-2: Ball 1-2: Ball 2-2: Strikes out swinging
|
Batting: RHB Andy Aiton
|
0-0: Ball 1-0: Called Strike 1-1: Ball 2-1: Called Strike 2-2: Ground out 6-3 (Groundball, 56)
|
Batting: LHB Donovan Bird
|
0-0: Ground out 4-3 (Groundball, 4)
|
Top of the 8th over - 0 run(s), 0 hit(s), 0 error(s), 0 left on base; Kalamazoo 8 - El Dorado 2 |
BOTTOM OF THE 8TH |
El Dorado Oilers batting - Pitching for Kalamazoo Royale with Cheese : LHP Terry Klassen
|
Batting: RHB José Carlos Caraballo
|
0-0: Called Strike 0-1: Fly out, F9 (Flyball, 9)
|
Batting: RHB Nick Webb
|
0-0: Ball 1-0: Ground out 6-3 (Groundball, 6)
|
Batting: LHB Ashley Pickhills
|
0-0: DOUBLE (Groundball, 5L)
|
Batting: RHB Valentín Borges
|
0-0: SINGLE (Line Drive, 4D) Ashley Pickhills to third Runner from 3rd tries for Home, SAFE, no throw
|
Pitching: LHP Morgan McDormand
|
|
Batting: LHB Al Gaines
|
0-0: Swinging Strike 0-1: Ball Wild Pitch! Valentín Borges to second 1-1: Called Strike 1-2: Foul Ball, location: 2F 1-2: Ball 2-2: Ball 3-2: Fly out, F9 (Flyball, 89M)
|
Bottom of the 8th over - 1 run(s), 2 hit(s), 0 error(s), 1 left on base; Kalamazoo 8 - El Dorado 3 |
TOP OF THE 9TH |
Kalamazoo Royale with Cheese batting - Pitching for El Dorado Oilers : RHP Pete Cook
|
Batting: LHB Roberto Sandoval
|
0-0: Swinging Strike 0-1: Ball 1-1: Ball 2-1: Foul Ball, location: 2F 2-2: Foul Ball, location: 2F 2-2: Ball 3-2: Base on Balls
|
Batting: LHB Greg Schultz
|
0-0: Called Strike 0-1: Ball 1-1: Ball 2-1: Foul Ball, location: 2F 2-2: Strikes out swinging
|
Batting: LHB Bill McJannett
|
0-0: Ball 1-0: Foul Ball, location: 2F 1-1: Ball 2-1: Called Strike 2-2: Ball 3-2: Fly out, F8 (Flyball, 8LM)
|
Batting: RHB Rafael González
|
0-0: Ball 1-0: Called Strike 1-1: Ball 2-1: Ball Roberto Sandoval steals 2nd base 3-1: Base on Balls
|
Batting: SHB Caden Keith
|
0-0: Called Strike 0-1: Foul Ball, location: 2F 0-2: Ball 1-2: Ball 2-2: Foul Ball, location: 2F 2-2: Foul Ball, location: 2F 2-2: Ball 3-2: Foul Ball, location: 2F 3-2: Strikes out swinging
|
Top of the 9th over - 0 run(s), 0 hit(s), 0 error(s), 2 left on base; Kalamazoo 8 - El Dorado 3 |
BOTTOM OF THE 9TH |
El Dorado Oilers batting - Pitching for Kalamazoo Royale with Cheese : LHP Morgan McDormand
|
Batting: RHB Sixto Vélez
|
0-0: Ball 1-0: Called Strike 1-1: Foul Ball, location: 2F 1-2: Ball 2-2: Foul Ball, location: 2F 2-2: SINGLE (Line Drive, 4D)
|
Batting: LHB José Hernández
|
0-0: Called Strike 0-1: SINGLE (Line Drive, 6D) Sixto Vélez to second
|
Batting: RHB Chris Parker
|
0-0: Foul Ball, location: 2F 0-1: Ball 1-1: Ball 2-1: Ball 3-1: Swinging Strike 3-2: Foul Ball, location: 2F 3-2: Grounds into double play, 4-6-3 (Groundball, 4) Sixto Vélez to third
|
Batting: SHB Anastasio Ortíz
|
0-0: Ground out 4-3 (Groundball, 4)
|
Bottom of the 9th over - 0 run(s), 2 hit(s), 0 error(s), 1 left on base; Kalamazoo 8 - El Dorado 3 |
|